AoeStats
← nikmal-4

MegaRandom

509310541Analyzed
4v4 RM · 4d ago on Sep 26, 2026· 76m 39s· 8 players
Game mode
Random Map
Map size
Large (8 player)
Population
200
Speed
Normal
Resources
Standard
Victory
Conquest
Starting age
Dark Age
Ending age
Imperial Age
RankedLock teamsTeams togetherTeam positionsShared explorationLock speedFull tech treeHidden civsTurbo modeCheats
Victory
Defeat
🇨🇿 Turks · Czechia
719
+16
🇺🇸 Wei · United States
670
+18
🇨🇳 Mongols · China
669
+19
🇬🇷 Teutons · Greece
658
+19
🇲🇽 Chinese · Mexico
786
-46
🇲🇽 Maya · Mexico
722
-18
🇲🇽 Persians · Mexico
722
-18
🇲🇽 Byzantines · Mexico
671
-16
Eel Eye
0:30 Loom
10:00 Feudal Age
12:13 Double-Bit Axe
15:44 Castle Age
13:58 Double-Bit Axe
17:43 Wheelbarrow
21:16 Horse Collar
21:49 Bow Saw
24:11 Hand Cart
24:12 Town Watch
25:38 Ballistics
25:19 Pikeman
26:42 Town Patrol
28:11 Guard Tower
29:49 Murder Holes
30:58 Fletching
31:16 Scale Barding Armor
31:22 Forging
32:25 Man-at-Arms
33:08 Squires
33:25 Bloodlines
33:22 Long Swordsman
33:56 Light Cavalry
36:02 Iron Casting
35:26 Bodkin Arrow
36:37 Iron Casting
36:23 Chain Barding Armor
37:26 Scale Mail Armor
37:29 Padded Archer Armor
38:49 Thumb Ring
39:25 Tuntian
40:14 Leather Archer Armor
40:18 Elite Skirmisher
42:06 Husbandry
44:50 Imperial Age
45:39 Two-Handed Swordsman
45:41 Halberdier
47:44 Blast Furnace
47:51 Ming Guang Armor
47:31 Arson
47:29 Heavy Hei Guang Cavalry
49:02 Chain Mail Armor
49:45 Hussar
51:41 Bracer
53:36 Elite Tiger Cavalry
71:17 Keep
70:53 Masonry
71:58 Chemistry
nikmal-4
1:02 Loom
11:51 Feudal Age
14:07 Wheelbarrow
13:22 Double-Bit Axe
15:42 Gold Mining
15:38 Horse Collar
16:19 Town Watch
20:17 Castle Age
19:28 Arson
22:11 Hand Cart
22:12 Forging
22:02 Man-at-Arms
22:04 Pikeman
23:49 Bow Saw
24:19 Fishing Lines
25:10 Scale Mail Armor
25:09 Stone Mining
25:57 Squires
28:58 Caravan
30:48 Siphons
30:57 Fortified Wall
31:11 Ballistics
30:18 Long Swordsman
30:44 Gambesons
31:17 Chain Mail Armor
30:54 Fletching
31:05 Padded Archer Armor
31:52 Town Patrol
31:34 Demolition Ship
32:21 Gillnets
33:26 Iron Casting
32:52 Padded Archer Armor
32:17 Elite Skirmisher
32:18 Crossbowman
34:10 Stone Shaft Mining
35:45 Leather Archer Armor
36:24 Coinage
41:12 Imperial Age
38:37 Demolition Ship
42:45 Conscription
43:38 Elite Teutonic Knight
48:28 Fletching
48:35 Arrowslits
49:41 Two-Handed Swordsman
51:36 Two-Man Saw
51:23 Plate Mail Armor
57:49 Chemistry
58:11 Halberdier
63:33 Hoardings
69:00 Masonry
70:33 Heavy Plow
73:06 Siege Engineers
74:08 Blast Furnace
73:04 Bodkin Arrow
73:39 Ring Archer Armor
75:56 Banking
75:37 Guilds
74:53 Heavy Mounted Crossbowman
76:15 Ironclad
76:55 Crop Rotation
CaukyMnauky
9:31 Feudal Age
9:59 Double-Bit Axe
9:58 Horse Collar
15:32 Stone Mining
15:32 Gold Mining
17:45 Castle Age
16:22 Wheelbarrow
19:28 Bow Saw
19:21 Heavy Plow
20:03 Gold Shaft Mining
28:39 Imperial Age
27:21 Caravan
27:52 Coinage
27:17 Fletching
27:28 Padded Archer Armor
29:29 Leather Archer Armor
29:09 Bodkin Arrow
30:30 Two-Man Saw
30:11 Banking
29:33 Loom
32:26 Ring Archer Armor
32:56 Guilds
34:08 Elite Janissary
35:16 Hand Cart
36:26 Hoardings
37:29 Bracer
37:54 Conscription
38:04 Ballistics
38:31 Artillery
40:37 Heated Shot
43:11 Bombard Tower
43:01 Masonry
42:32 Treadmill Crane
54:44 Scale Barding Armor
54:40 Scale Mail Armor
54:50 Forging
55:17 Architecture
54:58 Fortified Wall
55:41 Bloodlines
55:32 Husbandry
60:06 Chain Barding Armor
60:01 Chain Mail Armor
64:55 Plate Barding Armor
64:51 Plate Mail Armor
64:57 Iron Casting
69:34 Blast Furnace
OTZ==3
1:03 Loom
9:44 Feudal Age
14:41 Castle Age
14:52 Stone Mining
17:28 Murder Holes
19:49 Stone Shaft Mining
21:09 Fletching
24:50 Double-Bit Axe
33:10 Wheelbarrow
39:01 Forging
42:24 Scale Barding Armor
43:48 Gold Mining
45:28 Bloodlines
47:06 Gold Shaft Mining
48:37 Husbandry
52:13 Hand Cart
54:05 Bow Saw
56:03 Iron Casting
57:20 Ballistics
59:31 Chain Barding Armor
60:24 Bodkin Arrow
64:11 Light Cavalry
72:39 Imperial Age
74:35 Masonry
75:14 Bracer
GfJaiR
2:40 Loom
9:56 Feudal Age
10:43 Horse Collar
10:52 Double-Bit Axe
17:56 Castle Age
16:35 Stone Mining
21:35 Wheelbarrow
22:16 Gold Mining
22:35 Elite Skirmisher
28:10 Imperial Age
26:05 Bow Saw
27:09 Hand Cart
28:13 Thumb Ring
28:26 Padded Archer Armor
28:17 Fletching
28:38 Forging
30:29 Heavy Plow
31:34 Conscription
32:36 Ballistics
37:44 Leather Archer Armor
37:24 Bodkin Arrow
38:05 Iron Casting
37:38 Scale Barding Armor
39:59 Ring Archer Armor
39:30 Bracer
39:33 Pikeman
50:17 Elite Cataphract
51:21 Chain Barding Armor
55:31 Two-Man Saw
57:57 Plate Barding Armor
58:33 Logistica
61:10 Husbandry
crazy84aac
12:54 Feudal Age
11:10 Loom
14:47 Horse Collar
15:50 Double-Bit Axe
28:11 Castle Age
30:38 Castle Age
38:09 Elite Skirmisher
40:41 Gold Mining
40:54 Kamandaran
45:48 Stone Mining
48:40 Crossbowman
50:35 Bow Saw
53:49 Fletching
54:01 Padded Archer Armor
55:10 Bodkin Arrow
55:32 Leather Archer Armor
55:23 Scale Barding Armor
57:55 Thumb Ring
61:27 Imperial Age
59:33 Wheelbarrow
60:39 Chain Barding Armor
63:01 Ring Archer Armor
63:08 Plate Barding Armor
68:55 Forging
70:18 Chemistry
AIOROS
0:30 Loom
9:35 Feudal Age
13:48 Wheelbarrow
14:16 Arson
14:36 Double-Bit Axe
14:34 Horse Collar
14:48 Gold Mining
18:59 Castle Age
17:31 Fletching
17:51 Padded Archer Armor
19:59 Forging
19:49 Scale Mail Armor
20:02 Stone Mining
19:38 Eagle Warrior
24:09 Squires
25:38 Iron Casting
25:23 Chain Mail Armor
28:06 Hand Cart
28:39 Murder Holes
28:28 Treadmill Crane
32:38 Imperial Age
34:43 Blast Furnace
34:13 Plate Mail Armor
34:11 Conscription
35:09 Elite Eagle Warrior
36:28 Holcans
40:15 Herbal Medicine
41:32 Crossbowman
42:18 Thumb Ring
42:10 Bodkin Arrow
42:31 Leather Archer Armor
47:39 Guilds
50:48 Hoardings
54:34 Bracer
55:08 Ballistics
56:27 Ring Archer Armor
55:19 Arbalester
Cbabas10
0:40 Loom
10:13 Feudal Age
11:43 Wheelbarrow
10:55 Double-Bit Axe
12:51 Town Watch
12:51 Horse Collar
15:51 Gold Mining
15:52 Stone Mining
21:53 Castle Age
26:44 Hand Cart
26:42 Bow Saw
26:35 Heavy Plow
27:22 Gold Shaft Mining
28:51 Great Wall
28:50 Pikeman
29:34 Squires
29:20 Arson
35:04 Imperial Age
37:39 Fletching
37:49 Padded Archer Armor
38:14 Halberdier
40:37 Elite Chu Ko Nu
41:39 Conscription
42:04 Ballistics
43:23 Chemistry
43:16 Bodkin Arrow
43:36 Leather Archer Armor
48:45 Fortified Wall
50:44 Bracer
51:14 Ring Archer Armor
51:37 Town Patrol
Connection lost

Rejoining the realm…

Still unreachable

The connection could not be restored.

Session expired

The server has moved on; the page needs a fresh start.